 Dungeon Crawl Stone Soup version 0.30-a0-269-gf0224bf7b6 (webtiles) character file.

Game seed: 8643955955588545293

26353 freelancePsychic the Warrior (level 13, -1/101 HPs)
             Began as a Gargoyle Chaos Knight on Oct 15, 2022.
             Was a High Priest of Okawaru.
             Killed from afar by a swamp worm (14 damage)
             ... with a harpoon shot
             ... on level 3 of the Lair of Beasts.
             The game lasted 00:26:50 (15106 turns).

freelancePsychic the Warrior (GrCK)                Turns: 15106, Time: 00:26:51

Health: -1/101     AC: 46    Str: 24    XL:     13   Next: 25%
Magic:  18/18      EV:  6    Int: 16    God:    Okawaru [*****.]
Gold:   1523       SH:  0    Dex:  8    Spells: 14/19 levels left

rFire   . . .      SeeInvis .      - Unarmed
rCold   + + .      Faith    .    (no shield)
rNeg    + . .      Spirit   .    Q - +8 orange crystal plate armour {Archmagi, Int+3 Clar}
rPois   ∞          Reflect  .    q - +2 helmet
rElec   +          Harm     .    x - +2 cloak
rCorr   .          Rampage  .    (no gloves)
Will    .....      Archmagi +    (no boots)
Stlth   .......... Clarity  +    D - amulet of regeneration
HPRegen 1.16/turn                C - ring of protection from cold
MPRegen 0.16/turn                (no ring)

@: heroic, very slow
A: sickness immunity, AC +9, negative energy resistance 1, electricity
resistance, torment resistance 1, petrification resistance, cold resistance 1,
robust 1, strong 1
a: Renounce Religion, Heroism, Finesse, Duel


You were on level 3 of the Lair of Beasts.
You worshipped Okawaru.
Okawaru was extremely pleased with you.
You visited 3 branches of the dungeon, and saw 17 of its levels.
You also visited: Sewer and Ossuary.

You collected 1967 gold pieces.
You spent 444 gold pieces at shops.

Inventory:

Hand Weapons
 h - the +5 quarterstaff "Gikhi" {spect, rN+ MP+9 Str+2 SInv}
   (You found it on level 2 of the Dungeon)

   When its wielder attacks, the weapon's spirit leaps out and strikes again.
   The spirit shares a part of any damage it takes with its wielder.
   Str:       It affects your strength (+2).
   rN:        It protects you from negative energy.
   MP:        It affects your magic capacity (+9).
   SInv:      It lets you see invisible.
Missiles
 e - 8 boomerangs
Armour
 q - a +2 helmet (worn)
 w - the +0 kite shield of Tyruluut {rF+ Int+4}
   (You found it on level 5 of the Dungeon)

   Int:       It affects your intelligence (+4).
   rF:        It protects you from fire.
 x - a +2 cloak (worn)
 L - the +0 hat "Teroim" {Will+}
   (Okawaru gifted it to you on level 11 of the Dungeon)

   Will:      It increases your willpower.
 Q - the +8 orange crystal plate armour (worn) {Archmagi, Int+3 Clar}
   (Okawaru gifted it to you on level 1 of the Lair of Beasts)

   Int:       It affects your intelligence (+3).
   Clar:      It protects you against confusion.
Jewellery
 d - an amulet of magic regeneration
 r - an amulet of the acrobat
 C - a ring of protection from cold (left hand)
 D - an amulet of regeneration (around neck)
 E - an amulet of faith
 N - an amulet of guardian spirit
 S - a ring of protection from cold
Wands
 a - a wand of roots (3)
 p - a wand of mindburst (5)
 G - a wand of acid (26)
 H - a wand of flame (10)
Scrolls
 f - 4 scrolls of magic mapping
 i - 13 scrolls of identify {@r1}
 j - a scroll of immolation
 l - 4 scrolls of blinking
 t - a scroll of poison
 u - 2 scrolls of butterflies
 y - 2 scrolls of amnesia
 B - 3 scrolls of teleportation {@r4}
 F - a scroll of enchant armour
 J - a scroll of torment
 K - a scroll of silence
 M - a scroll of brand weapon
 O - a scroll of enchant weapon
Potions
 c - 8 potions of curing {@q1}
 g - 2 potions of might
 k - 6 potions of degeneration
 m - a potion of heal wounds {@q2}
 n - 4 potions of haste {@q3}
 o - 3 potions of cancellation
 s - a potion of mutation
 z - 2 potions of invisibility
 A - a potion of berserk rage
 I - 2 potions of brilliance
 P - a potion of flight
Miscellaneous
 b - a piece from Xom's chessboard (15/15) (quivered)
 R - a condenser vane


   Skills:
 - Level 15.2(20.2) Fighting
 - Level 1.1(6.1) Staves
 + Level 7.9(12.9) Armour
 - Level 0.7(5.7) Dodging
 + Level 10.7(15.7) Unarmed Combat
 - Level 3.6 Spellcasting
 - Level 8.9 Transmutations
 - Level 5.1 Invocations


You had 14 spell levels left.
You knew the following spells:

 Your Spells              Type           Power      Damage    Failure   Level
a - Blade Hands           Tmut           23%        N/A       99%         5

Your spell library contained the following spells:

 Spells                   Type           Power      Damage    Failure   Level
 Sting                    Tmut/Pois      100%       1d8       71%         1
 Apportation              Tloc           8%         N/A       100%        1
 Poisonous Vapours        Pois/Air       8%         N/A       100%        2
 Frozen Ramparts          Ice            8%         1d2       100%        3
 Inner Flame              Hex/Fire       4%         N/A       100%        3
 Ozocubu's Armour         Ice            4%         N/A       100%        3
 Airstrike                Air            2%         2d(1-17)  100%        4
 Cause Fear               Hex            2%         N/A       100%        4
 Ice Form                 Ice/Tmut       25%        N/A       100%        4
 Leda's Liquefaction      Hex/Erth       2%         N/A       100%        4
 Olgreb's Toxic Radiance  Pois           4%         N/A       100%        4
 Alistair's Intoxication  Tmut/Pois      16%        N/A       100%        5
 Irradiate                Conj/Tmut      12%        3d15      100%        5
 Lee's Rapid Deconstruct  Erth           2%         3d5*      100%        5
 Lightning Bolt           Conj/Air       2%         1d13      100%        5
 Iron Shot                Conj/Erth      2%         9d2       100%        6
 Dragon Form              Tmut           23%        N/A       100%        7
 Ozocubu's Refrigeration  Ice            2%         4d7       100%        7
 Discord                  Hex            2%         N/A       100%        8
 Animate Armour           Summ/Erth      Unusable   N/A       N/A         4
 Summon Ice Beast         Ice/Summ       Unusable   N/A       N/A         4
 Summon Lightning Spire   Summ/Air       Unusable   N/A       N/A         4
 Statue Form              Tmut/Erth      Unusable   N/A       N/A         6

Dungeon Overview and Level Annotations

Branches:
Dungeon (13/15)            Temple (1/1) D:5            Lair (3/5) D:10
  Snake (0/4) Lair:2          Orc (0/2) D:10          Sewer (visited)
Ossuary (visited)
  Swamp: Lair:2-3    Shoals: Lair:2-3    Vaults: D:13-14

Altars:
Ashenzari
Cheibriados
Dithmenos
Elyvilon
Fedhas
Gozag
Hepliaklqana
Kikubaaqudgha
Makhleb
Nemelex Xobeh
Okawaru
Qazlal
Ru
Sif Muna
Trog
Uskayaw
Vehumet
Wu Jian
Xom
Yredelemnul
Zin
The Shining One

Shops:
D:1 (((**   D:3 :   D:7 (

Annotations:
D:3 1 runed translucent door


Innate Abilities, Weirdness & Mutations

You are immune to sickness and miasma.
Your stone body is resilient. (AC +9)
You are immune to poison.
You resist negative energy. (rN+)
You are resistant to electric shocks. (rElec)
You are resistant to unholy torment.
You are immune to petrification.
Your flesh is cold resistant. (rC+)
You are robust. (+10% HP)
Your muscles are strong. (Str +4, Int/Dex -1)


Message History

You punch the hell rat!
The hell rat is almost dead.
The hell rat bites you but does no damage.
You pummel the hell rat!!
You kill the hell rat!
Okawaru accepts your kill. The hell rat bites you.
* * * LOW HITPOINT WARNING * * *
You closely miss the basilisk.
The hell rat bites you but does no damage.
The basilisk gazes at you.
You are unaffected.
As you read the scroll of teleportation {@r4}, it crumbles to dust.
You feel strangely unstable. The hell rat bites you!
* * * LOW HITPOINT WARNING * * *
The basilisk bites you.
* * * LOW HITPOINT WARNING * * *
The wyvern hisses menacingly.
You hit the basilisk.
The basilisk is lightly wounded.
The hell rat completely misses you.
The basilisk bites you but does no damage.
The hell rat attacks as you move away! The hell rat bites you.
* * * LOW HITPOINT WARNING * * *
You punch the hell rat!
The hell rat is heavily wounded.
The hell rat bites you but does no damage.
You pummel the hell rat!!
You kill the hell rat!
Okawaru accepts your kill.
You miss the basilisk. You punch the basilisk!
The basilisk is moderately wounded.
Your surroundings suddenly seem different.
Splash!
You fall into the shallow water.
Moving in this stuff is going to be slow. 2 swamp worms come into view.
The swamp worm fires a harpoon shot at you.
The harpoon shot hits you!
You die...

♣♣♣♣♣♣♣♣♣♣♣♣
♣~w~@~≈~~w≈≈
⌠.....♣.......♣
⌠...♣ ....♣....
.♣♣ ≈~♣~♣~~≈♣§
♣♣♣ ♣♣♣♣♣


You could see 2 swamp worms.

Vanquished Creatures
  Josephine (D:10)
  A hydra (Lair:3)
  3 two-headed ogres
  2 boulder beetles
  3 death yaks (D:10)
  4 skeletal warriors
  Lodul (D:12)
  2 ugly things
  A manticore (D:12)
  A black mamba (Lair:3)
  3 cane toads (Lair:1)
  2 gargoyles (D:12)
  A rime drake (Lair:1)
  4 komodo dragons
  2 hornets
  A polar bear (Lair:1)
  4 trolls
  3 slime creatures (D:12)
  2 dream sheep (D:10)
  A vampire (D:12)
  12 yaks
  2 wyverns
  3 wraiths (D:10)
  6 basilisks
  6 vampire mosquitoes (D:11)
  A steam dragon (D:9)
  5 acid dragons
  3 nagas (Lair:2)
  7 water moccasins
  4 orc warriors (D:10)
  The ghost of Sobieck the Ruffian, an amateur OgTm of Wu Jian (D:3)
  A sky beast (D:5)
  2 black bears
  10 ogres
  A wolf (Lair:1)
  3 centaurs
  A phantom (D:6)
  6 kobold brigands
  A bullfrog (D:8)
  4 gnoll sergeants
  2 scorpions
  A wyvern zombie (Ossuary)
  3 water moccasin zombies
  6 killer bees (D:8)
  2 electric eels (D:6)
  3 howler monkeys (D:11)
  3 bullfrog zombies
  4 centaur zombies
  A hound (D:5)
  3 jellies
  4 orc priests
  2 gnoll boudas
  15 hell rats
  4 iguanas
  5 orc wizards
  A killer bee zombie (Ossuary)
  A hound zombie (D:5)
  20 mummies (Ossuary)
  A howler monkey zombie (Ossuary)
  11 gnolls
  5 adders
  11 river rats
  2 shadow imps (D:6)
  3 ufetubi
  An adder zombie (D:5)
  2 worms
  9 dart slugs
  34 orcs
  8 ball pythons
  6 endoplasms
  4 giant cockroaches
  3 goblins
  6 hobgoblins
  4 jackals (D:1)
  3 quokkas
  8 bats
  A frilled lizard (D:3)
  22 kobolds
  13 rats
358 creatures vanquished.

Vanquished Creatures (others)
  5 bushes (D:5)
  2 fungi (Lair:3)
  4 plants
  4 withered plants (Ossuary)
15 creatures vanquished.

Grand Total: 373 creatures vanquished

Notes
Turn   | Place    | Note
-------+----------+-------------------------------------------
     0 | D:1      | freelancePsychic the Gargoyle Chaos Knight began the quest
                  | for the Orb.
     0 | D:1      | Reached XP level 1. HP: 14/14 MP: 1/1
    32 | D:1      | Found Ilieveri's Weapon Shop.
    57 | D:1      | Found Zeoj Fuk's Weapon Shoppe.
    87 | D:1      | Reached XP level 2. HP: 16/19 MP: 2/2
   144 | D:1      | XOM: silly message
   154 | D:1      | XOM: enchant monster (bad)
   230 | D:1      | Found Tuaratar's Assorted Antiques.
   342 | D:1      | Found Awer's Assorted Antiques.
   487 | D:1      | Found Jasuteb's Antique Weapon Emporium.
   758 | D:1      | Bought a scroll labelled FAGREY ZEVVADU for 22 gold pieces
   758 | D:1      | Bought a scroll labelled BEFUHY CAFF for 22 gold pieces
   782 | D:2      | Found a glowing silver altar of Zin.
   792 | D:2      | XOM: scenery: 1 doors open
   807 | D:2      | Reached XP level 3. HP: 24/24 MP: 3/3
  1004 | D:2      | Identified the +5 quarterstaff "Gikhi" {spect, rN+ MP+9
                  | Str+2 SInv}
  1106 | D:2      | XOM: torment (20/24 hp)
  1178 | D:2      | Reached skill level 4 in Fighting
  1192 | D:2      | Found a faded altar of an unknown god.
  1197 | D:2      | Reached XP level 4. HP: 26/29 MP: 4/4
  1390 | D:2      | Reached skill level 1 in Staves
  1525 | D:2      | XOM: noise
  1802 | D:3      | Found Dupug's Book Emporium.
  1845 | D:3      | Identified the +9 war axe of Irrepressible Laughter {drain,
                  | Int+4}
  1955 | D:3      | XOM: summons 3 hostile demons
  1956 | D:3      | Noticed a sun demon
  2175 | D:4      | a jelly changed into a centaur
  2175 | D:4      | Noticed a centaur
  2175 | D:4      | XOM: polymorph jelly -> centaur
  2176 | D:4      | XOM: 6-stop teleportation journey
  2184 | D:4      | Killed a centaur
  2185 | D:4      | Reached skill level 5 in Fighting
  2185 | D:4      | Reached XP level 5. HP: 33/35 MP: 5/5
  2475 | D:4      | Reached skill level 5 in Unarmed Combat
  2475 | D:4      | Reached XP level 6. HP: 37/40 MP: 6/6
  2584 | D:4      | XOM: enchant monster (good)
  2776 | D:5      | Entered Level 5 of the Dungeon
  2836 | D:5      | Noticed a steam dragon
  2899 | D:5      | a steam dragon changed into a sky beast
  2899 | D:5      | Noticed a sky beast
  2899 | D:5      | XOM: polymorph steam dragon -> sky beast
  2904 | D:5      | Killed a sky beast
  2905 | D:5      | Reached skill level 6 in Fighting
  2962 | D:5      | Reached XP level 7. HP: 45/46 MP: 7/7
  2988 | D:5      | Found a basalt altar of Yredelemnul.
  3086 | D:5      | XOM is BORED!
  3086 | D:5      | XOM: summons 4 hostile demons
  3163 | D:5      | Identified the +0 kite shield of Tyruluut {rF+ Int+4}
  3468 | D:5      | Found a staircase to the Ecumenical Temple.
  3475 | Temple   | Entered the Ecumenical Temple
  3547 | Temple   | XOM: noise
  3572 | Temple   | Fell from the grace of Xom
  3572 | Temple   | Became a worshipper of Warmaster Okawaru
  3807 | D:6      | Reached skill level 7 in Fighting
  3812 | D:5      | Reached skill level 1 in Invocations
  3918 | D:6      | Reached XP level 8. HP: 37/53 MP: 9/9
  4070 | D:6      | Found a glowing drain.
  4124 | Sewer    | Entered a sewer
  4445 | D:6      | Reached * piety under Okawaru
  4753 | D:6      | XOM: give mutations
  4753 | D:6      | Gained mutation: You are clumsy. (Dex -2) [Xom's mischief]
  4753 | D:6      | Gained mutation: You are frail. (-10% HP) [Xom's mischief]
  4753 | D:6      | Gained mutation: You are dopey. (Int -2) [Xom's mischief]
  4790 | D:6      | Reached skill level 8 in Fighting
  4801 | D:6      | Lost mutation: You are clumsy. (Dex -2) [potion of
                  | mutation]
  4801 | D:6      | Lost mutation: You are frail. (-10% HP) [potion of
                  | mutation]
  4801 | D:6      | Lost mutation: You are dopey. (Int -2) [potion of mutation]
  4801 | D:6      | Gained mutation: You are clumsy. (Dex -2) [potion of
                  | mutation]
  4801 | D:6      | Gained mutation: Your spells are a little easier to cast,
                  | but a little less powerful. [potion of mutation]
  4801 | D:6      | Gained mutation: You are robust. (+10% HP) [potion of
                  | mutation]
  5344 | D:6      | XOM: give mutations
  5344 | D:6      | Gained mutation: You are very clumsy. (Dex -4) [Xom's
                  | mischief]
  5344 | D:6      | Gained mutation: You have large cloven feet. [Xom's
                  | mischief]
  5344 | D:6      | Gained mutation: You are weak. (Str -2) [Xom's mischief]
  5375 | D:7      | Noticed a hornet
  5377 | D:7      | Found a sand-covered staircase.
  5385 | D:7      | Killed a hornet
  5394 | Ossuary  | Entered an ossuary
  5423 | Ossuary  | Reached XP level 9. HP: 47/66 MP: 9/12
  5572 | Ossuary  | Reached skill level 5 in Invocations
  5650 | Ossuary  | Reached ** piety under Okawaru
  5786 | Ossuary  | Reached skill level 9 in Fighting
  5816 | Ossuary  | XOM: confusion (+ monsters)
  6182 | D:7      | Found Wauqoru's Hydra Hut.
  6184 | D:7      | Noticed a five-headed hydra
  6218 | D:7      | Found an opulent altar of Gozag.
  6237 | D:7      | XOM: 3-stop teleportation journey
  6266 | D:7      | XOM: give mutation
  6266 | D:7      | Lost mutation: You are weak. (Str -2) [Xom's mischief]
  6699 | D:8      | Found the +5 robe of Misfortune {Harm *Corrode *Slow EV+5}
  6782 | D:8      | Reached *** piety under Okawaru
  6866 | D:8      | XOM: 3-stop teleportation journey
  6972 | D:8      | Reached skill level 5 in Armour
  6972 | D:8      | Reached XP level 10. HP: 71/74 MP: 13/13
  7087 | D:8      | Reached skill level 10 in Fighting
  7300 | D:9      | Found a shimmering altar of Xom.
  7331 | D:9      | Found a snail-covered altar of Cheibriados.
  7639 | D:9      | Noticed a two-headed ogre
  7653 | D:9      | Killed a two-headed ogre
  7948 | D:10     | Entered Level 10 of the Dungeon
  8077 | D:3      | Bought a book of Transfigurations for 400 gold pieces
  8083 | D:3      | Learned a level 5 spell: Blade Hands
  8164 | D:3      | Found a runed translucent door.
  8167 | D:3      | Noticed Sobieck's ghost (amateur OgTm)
  8196 | D:3      | XOM: silly message
  8241 | D:3      | XOM: silly message
  8395 | D:3      | Found a runed translucent door.
  8407 | D:3      | Killed Sobieck's ghost
  8434 | D:3      | XOM: silly message
  8544 | D:10     | Reached **** piety under Okawaru
  8545 | D:10     | Reached skill level 1 in Transmutations
  8695 | D:10     | Noticed a death yak
  8715 | D:10     | Killed a death yak
  8716 | D:10     | Reached skill level 11 in Fighting
  8773 | D:10     | Noticed Josephine
  8818 | D:10     | Killed Josephine
  8818 | D:10     | Noticed a death yak
  8819 | D:10     | Reached ***** piety under Okawaru
  8820 | D:10     | Reached XP level 11. HP: 40/83 MP: 14/14
  8978 | D:10     | Found a radiant altar of Vehumet.
  8978 | D:10     | Noticed a two-headed ogre
  8978 | D:10     | XOM: 4-stop teleportation journey
  8992 | D:10     | Noticed a death yak
  9004 | D:10     | Killed a death yak
  9005 | D:10     | Reached skill level 12 in Fighting
  9006 | D:10     | Killed a two-headed ogre
  9006 | D:10     | Identified the +5 kite shield of Kinetylo {rPois rC- rN+
                  | Stlth+} (Okawaru gifted it to you on level 10 of the
                  | Dungeon)
  9006 | D:10     | Received a gift from Okawaru
  9019 | D:10     | Killed a death yak
  9024 | D:10     | Reached skill level 5 in Transmutations
  9113 | D:10     | XOM: give mutation
  9113 | D:10     | Gained mutation: Your muscles are strong. (Str +4, Int/Dex
                  | -1) [Xom's grace]
  9215 | D:10     | Found a staircase to the Lair.
  9619 | D:10     | Found a glowing golden altar of the Shining One.
  9706 | D:10     | Found a staircase to the Orcish Mines.
  9738 | D:10     | Reached skill level 13 in Fighting
  9976 | D:11     | Noticed a boulder beetle
  9976 | D:11     | Noticed a white ugly thing
 10075 | D:10     | Killed a white ugly thing
 10213 | D:11     | Noticed a white ugly thing
 10234 | D:11     | Killed a white ugly thing
 10261 | D:11     | Killed a boulder beetle
 10496 | D:11     | Noticed a two-headed ogre
 10499 | D:11     | XOM: chaos upgrade
 10500 | D:11     | Killed a two-headed ogre
 10501 | D:11     | Reached XP level 12. HP: 73/92 MP: 15/15
 10615 | D:11     | Reached skill level 14 in Fighting
 10855 | D:11     | XOM: give mutations
 10855 | D:11     | Gained mutation: You occasionally shout uncontrollably at
                  | your foes. [Xom's mischief]
 10855 | D:11     | Lost mutation: You have large cloven feet. [Xom's mischief]
 10855 | D:11     | Gained mutation: You are dopey. (Int -2) [Xom's mischief]
 10948 | D:11     | XOM: draining
 10979 | D:11     | Identified the +0 hat "Teroim" {Will+} (Okawaru gifted it
                  | to you on level 11 of the Dungeon)
 10979 | D:11     | Received a gift from Okawaru
 11138 | D:11     | Found a shimmering blue altar of Sif Muna.
 11574 | D:12     | XOM: god gift: 50 gold pieces
 11652 | D:12     | Noticed Lodul
 11659 | D:12     | Killed Lodul
 11719 | D:12     | XOM: summons 4 hostile shadow creatures
 11963 | D:12     | Noticed a boulder beetle
 11971 | D:12     | Killed a boulder beetle
 11972 | D:12     | Reached skill level 1 in Spellcasting
 12208 | D:12     | XOM: divination: detect creatures
 12254 | D:12     | XOM: noise
 12547 | D:11     | Reached skill level 15 in Fighting
 12643 | D:11     | Lost mutation: You occasionally shout uncontrollably at
                  | your foes. [potion of mutation]
 12643 | D:11     | Lost mutation: Your spells are a little easier to cast, but
                  | a little less powerful. [potion of mutation]
 12643 | D:11     | Gained mutation: Your flesh is cold resistant. (rC+)
                  | [potion of mutation]
 12645 | D:11     | Lost mutation: You are dopey. (Int -2) [potion of mutation]
 12645 | D:11     | Lost mutation: You are very clumsy. (Dex -4) [potion of
                  | mutation]
 12645 | D:11     | Lost mutation: You are clumsy. (Dex -2) [potion of
                  | mutation]
 12734 | D:10     | XOM: noise
 12734 | D:10     | Was forgiven by Xom
 13273 | Lair:1   | Entered Level 1 of the Lair of Beasts
 13792 | Lair:1   | Received a gift from Okawaru
 13792 | Lair:1   | Found the +8 orange crystal plate armour {Archmagi, Int+3
                  | Clar}
 13874 | Lair:1   | Reached XP level 13. HP: 101/101 MP: 18/18
 13922 | Lair:1   | Reached skill level 10 in Unarmed Combat
 14205 | Lair:2   | Found a staircase to the Snake Pit.
 14306 | Lair:2   | Identified a scroll of acquirement
 14308 | Lair:2   | Acquired 607 gold pieces
 15106 | Lair:3   | Killed from afar by a swamp worm

Illustrated notes

Levels and vault maps discovered:
D:1:      ncdulo_halloftheorcs, layout_loops_ring, serial_shops,
          nicolae_shop_window_shopping, nicolae_shop_bloodbath_and_beyond,
          nicolae_shop_behind_doors, shop_statue, nicolae_shop_behind_doors
D:2:      wad_crossroads, layout_basic, hellmonk_ecumenical_altar_blasted,
          basic_altar, st_stairs_10, chequers_decorated_corner
D:3:      layout_loops_ring, ebering_ghost_sewer_f, serial_shops,
          nicolae_shop_trees
D:4:      layout_loops_corners, minmay_misc_feat_doors, serial_bayou_lagoon_b
D:5:      layout_gridville, nicolae_yredelemnul_corpse_copse,
          minmay_temple_entry_enclosed_plants
D:6:      kennysheep_slugbush, layout_basic, portal_sewer_entry_e, st_stairs_9,
          grunt_decor_fettered
D:7:      layout_gridville, lemuel_coloured_pillars_altar, enter_ossuary_1,
          minmay_misc_feat_chi, doesnt_shop_hydraphobe
D:8:      layout_rooms, chequers_serial_rivers_large_a
D:9:      layout_long_grid, mainiacjoe_overflow_large_starburst
D:10:     layout_long_grid, nicolae_vehumet_radiance, tso_oasis_becter,
          dpeg_lair_monsters, kennysheep_orc_monster_closet_entryway,
          dreamdust_gnoll_shepherd, uniq_josephine
D:11:     layout_roguey, lemuel_blue_sif_altar
D:12:     layout_stronghold, uniq_lodul
D:13:     layout_basic, uniq_urug, uniq_kirke
Temple:   lightli_temple_of_artemis
Lair:1:   layout_roguey, beast_lair_carwin_3, grunt_megastairs_3
Lair:2:   layout_chaotic_city, minmay_snake_entry_guardpost_small,
          kennysheep_rathole, lemuel_fruit_tree
Lair:3:   layout_cave_pods, nicolae_swamp_entry_splash_gauntlet, special_room
          [special_room_mythical_zoo], basic_altar

Skill      XL: |  1  2  3  4  5  6  7  8  9 10 11 12 13 |
---------------+----------------------------------------+-----
Unarmed Combat | 4 5 6 7 9 10 | 10.7
Fighting       | 4 5 6 7 8 9 11 13 15 | 15.2
Staves         | 1 |  1.1
Invocations    | 1 4 5 |  5.1
Armour         | 5 6 7 |  7.9
Transmutations | 3 6 8 |  8.9
Spellcasting   | 3 |  3.6
Dodging        | |  0.7

Action                   |  1- 3 |  4- 6 |  7- 9 | 10-12 | 13-15 || total
-------------------------+-------+-------+-------+-------+-------++-------
Melee: Unarmed           |   109 |       |   387 |   573 |   179 ||  1248
       Punch             |     1 |       |    21 |    35 |    14 ||    71
       Quarterstaff      |    10 |    50 |    68 |       |       ||   128
       Kick              |       |       |    55 |   130 |       ||   185
 Cast: Blade Hands       |       |       |       |    15 |       ||    15
Invok: Heroism           |       |       |     3 |     7 |     1 ||    11
       Finesse           |       |       |       |     3 |       ||     3
Evoke: Piece from Xom's  |       |     3 |     5 |     2 |       ||    10
       Wand              |       |       |       |     2 |       ||     2
  Use: Scroll            |     4 |     4 |    12 |     9 |     5 ||    34
       Potion            |       |       |     7 |     5 |       ||    12
 Stab: Confused          |       |       |     1 |       |       ||     1
       Petrified         |       |       |       |     3 |       ||     3
Armor: Leather armour    |    59 |    34 |       |       |       ||    93
       Steam dragon scal |       |     2 |   193 |       |       ||   195
       Skin              |       |       |    31 |       |       ||    31
       Robe              |       |       |    33 |   182 |       ||   215
       Acid dragon scale |       |       |    23 |       |       ||    23
       Crystal plate arm |       |       |       |    19 |   194 ||   213
Dodge: Dodged            |    66 |    45 |   332 |   413 |    39 ||   895

Table legend: (Time is in decaauts)
 A = Elapsed time spent in this place.
 B = Non-inter-level travel time spent in this place.
 C = Inter-level travel time spent in this place.
 D = Time resting spent in this place.
 E = Time spent auto-exploring this place.
 F = Levels seen in this place.
 G = Mean time per level.
                   A        B        C        D        E       F      G
               +--------+--------+--------+--------+--------+-----+--------+
         Total |  15011 |  14086 |    925 |    727 |  10779 |  19 |  790.1 |
       Dungeon |  12275 |  11419 |    856 |    571 |   8886 |  13 |  944.2 |
        Temple |    108 |     98 |     10 |      0 |     80 |   1 |  108.0 |
          Lair |   1786 |   1728 |     58 |     51 |   1362 |   3 |  595.3 |
         Sewer |    212 |    212 |      0 |     37 |    113 |   1 |  212.0 |
       Ossuary |    628 |    628 |      0 |     68 |    338 |   1 |  628.0 |
               +--------+--------+--------+--------+--------+-----+--------+

Top non-repeatable levels by time:
    D:10: 1670 daAuts
    D:12: 1522 daAuts
    D:11: 1401 daAuts
     D:6: 1360 daAuts
     D:5: 1021 daAuts
     D:2: 924 daAuts
     D:4: 854 daAuts
  Lair:1: 827 daAuts
  Lair:2: 826 daAuts
     D:1: 777 daAuts
     D:9: 756 daAuts
     D:7: 675 daAuts
     D:3: 645 daAuts
 Ossuary: 628 daAuts
     D:8: 623 daAuts
